 Dungeon Crawl Stone Soup version 0.12.3 (webtiles) character file.

252 Antunes the Firebug (level 4, -5/27 HPs)
             Began as a Sludge Elf Fire Elementalist on Nov 23, 2013.
             Killed from afar by Sigmund (8 damage)
             ... with a wand of magic darts
             ... on Level 3 of the Dungeon.
             The game lasted 00:35:50 (3124 turns).

Antunes the Firebug (Sludge Elf Fire Elementalist)  Turns: 3124, Time: 00:35:50

HP  -5/27        AC 10     Str  9      XL: 4   Next: 24%
MP   9/9         EV 20     Int 17      God:
Gold 181         SH  0     Dex 14      Spells:  3 memorised,  1 level left

Res.Fire  : + + .   See Invis. : .   j - melded -1,+1 orc scimitar
Res.Cold  : + + .   Warding    : .   w - melded +0 elf robe
Life Prot.: + . .   Conserve   : .   (shield currently unavailable)
Res.Poison: +       Res.Corr.  : +   (helmet currently unavailable)
Res.Elec. : +       Clarity    : .   D - melded +0 dwarf cloak
Sust.Abil.: . .     Spirit.Shd : .   (gloves currently unavailable)
Res.Mut.  : .       Stasis     : .   (boots currently unavailable)
Res.Rott. : +       Ctrl.Telep.: .   (amulet currently unavailable)
Saprovore : . . .   Flight     : +   t - melded ring of flight
                                     f - melded ring of wizardry

@: wisp-form (expiring), flying, slightly resistant to hostile enchantments,
stealthy
A: no striking features
a: no special abilities


You were on level 3 of the Dungeon.
You were not hungry.
You were a barely coherent strand of gas.
You visited 1 branch of the dungeon, and saw 4 of its levels.

You collected 161 gold pieces.

Dungeon Overview and Level Annotations

Branches:
Dungeon (4/27)
 Temple: D:4-7

Altars:

Annotations
D:3 Grinder, Sigmund


   Skills:
 * Level 1.6 Fighting
 + Level 0.1 Short Blades
 + Level 0.5 Long Blades
 + Level 2.8 Dodging
 * Level 2.6 Stealth
 + Level 0.2 Stabbing
 + Level 0.4 Unarmed Combat
 * Level 2.1 Spellcasting
 * Level 1.1 Conjurations
 + Level 3.7 Fire Magic


You had one spell level left.
You knew the following spells:

 Your Spells              Type           Power        Failure   Level  Hunger
a - Flame Tongue          Conj/Fire      ###...       10%         1    N/A
b - Throw Flame           Conj/Fire      ###....      14%         2    N/A
c - Conjure Flame         Conj/Fire      ###......    24%         3    N/A

Inventory:

Hand weapons
 i - a -1,+0 orcish falchion
 j - a -1,+1 orcish scimitar (melded)
 l - a +0,+1 orcish hand axe
 m - a +0,+0 short sword
 o - a +0,+0 short sword
 v - a +0,+0 orcish trident
 y - a cursed +1,+0 elven short sword
 B - a +0,+0 spear
Missiles
 k - 19 poisoned needles
 n - 10 darts (quivered)
 p - 2 darts of flame
 q - a throwing net
 r - 41 arrows
 z - 17 sling bullets
 A - 8 arrows of flame
Armour
 a - a +0 elven robe
 d - a +0 leather armour
 w - a +0 elven robe (melded)
 D - a +0 dwarven cloak (melded)
Magical devices
 C - a wand of cold (3) {unknown}
Comestibles
 c - 2 bread rations
 g - 2 meat rations
 h - 2 rotting chunks of hobgoblin flesh {@w1}
 s - a chunk of hobgoblin flesh {@w1}
Scrolls
 e - a scroll of identify
Jewellery
 f - a ring of wizardry (melded)
 t - a ring of flight (melded)
Potions
 x - a potion of magic {unknown}
Books
 b - a book of Flames

   Spells                             Type                      Level
   *Flame Tongue                      Conjuration/Fire             1
   *Throw Flame                       Conjuration/Fire             2
   *Conjure Flame                     Conjuration/Fire             3
   Inner Flame                        Hexes/Fire                   3
   Sticky Flame                       Conjuration/Fire             4
   Fireball                           Conjuration/Fire             5
Magical staves
 u - an uncursed staff of power {!a}


Message History

You are unaffected.
Sigmund zaps a wand.
The magic dart hits you!
Grinder says, "There's only one good use for a tongue: cutting it out."
Grinder zaps a wand.
You resist.
You blink.
Grinder gestures.
Grinder blinks!
Sigmund hits you from afar with a scythe!
* * * LOW HITPOINT WARNING * * *
You can move again.
Your transformation is almost over.
Sigmund barely misses you.
Unknown command.
Grinder zaps a wand.
You resist.
Unknown command.
Level annotation: Grinder, Sigmund Welcome back, Antunes the Sludge Elf Fire Elementalist.
Press ? for a list of commands and other information.
Grinder zaps a wand.
Sigmund zaps a wand.
The magic dart hits you!
You die...

▒▒▒▒▒▒▒▒▒▒▒▒▒▒▒▒▒▒▒▒▒
▒>··)················
▒·▒··········@·▒ ▒···
▒·▒····@▒▒▒▒▒▒·▒ ▒··@
▒·▒·····▒ ▒·▒▒▒···
▒▒▒▒·▒·v···▒ ▒·······
▒··········▒
▒▒▒▒▒▒▒▒▒▒▒
▒··········▒
▒····▒▒▒▒▒▒
▒··········▒
▒······▒···
▒·····▒▒▒▒▒▒
▒······▒··· ▒·····
▒▒▒····▒··· ···5·
▒▒····▒··· ····
▒·····▒··· ··
▒·····▒▒▒▒


You could see Grinder and Sigmund.

Action                   |  1- 3 |  4- 6 || total
-------------------------+-------+-------++-------
Melee: Dagger            |    45 |       ||    45
       Unarmed           |    13 |       ||    13
       Scimitar          |    21 |    12 ||    33
       Short sword       |     3 |       ||     3
Throw: Dart              |     1 |       ||     1
 Cast: Flame Tongue      |    46 |     1 ||    47
       Throw Flame       |     1 |       ||     1
  Use: Scroll            |     5 |     2 ||     7
       Potion            |     4 |       ||     4
 Stab: Sleeping          |     4 |     3 ||     7

Vanquished Creatures
  2 adders
  A giant eyeball (D:4)
  A giant gecko (D:3)
  4 orcs (D:3)
  4 bats
  A giant cockroach (D:4)
  2 goblins
  10 hobgoblins
  4 jackals (D:2)
  3 kobolds (D:1)
  4 giant newts
  6 rats
42 creatures vanquished.

Vanquished Creatures (others)
  A hobgoblin (D:4)
1 creature vanquished.

Grand Total: 43 creatures vanquished

Notes
Turn   | Place    | Note
--------------------------------------------------------------
     0 | D:1      | Antunes, the Sludge Elf Fire Elementalist, began the quest for the Orb.
     0 | D:1      | Reached XP level 1. HP: 11/11 MP: 3/3
     6 | D:1      | Noticed a water moccasin
     6 | D:1      | Noticed a polar bear
     6 | D:1      | Noticed a lindwurm
   388 | D:1      | Reached XP level 2. HP: 10/17 MP: 5/5
   650 | D:1      | Learned a level 2 spell: Throw Flame
  1032 | D:1      | Reached skill level 1 in Conjurations
  1055 | D:1      | Reached skill level 1 in Fighting
  1350 | D:2      | Reached XP level 3. HP: 8/21 MP: 2/7
  2064 | D:3      | Reached skill level 2 in Spellcasting
  2345 | D:4      | Reached XP level 4. HP: 10/27 MP: 6/9
  2386 | D:4      | HP: 5/27 [poisoned by an adder]
  2399 | D:4      | HP: 5/27 [poisoned by an adder]
  2406 | D:4      | HP: 4/27 [poisoned by an adder]
  2410 | D:4      | HP: 1/27 [poisoned by an adder]
  2424 | D:4      | HP: 1/27 [poisoned by an adder]
  2749 | D:4      | Learned a level 3 spell: Conjure Flame
  2782 | D:4      | Paralysed by a giant eyeball for 3 turns
  2802 | D:4      | Noticed an ogre
  3099 | D:3      | Noticed Sigmund
  3115 | D:3      | Noticed Grinder
  3116 | D:3      | Paralysed by Grinder for 6 turns
  3121 | D:3      | HP: 3/27 [Sigmund/scythe (11)]
  3124 | D:3      | Killed from afar by Sigmund

Vault maps used:
D:1:      onia_entry_zoo_common, serial_bayou_crossing
D:2:      minmay_misc_feat_hallway
D:3:      first_bread, uniq_grinder, uniq_sigmund
